 Dungeon Crawl Stone Soup version 0.19.0-20-gbc5f0c6 (webtiles) character file.

246 aggelon the Sneak (level 6, 0/43 HPs)
             Began as an Octopode Assassin on Nov 16, 2016.
             Was a Follower of Elyvilon.
             Killed from afar by an orc wizard (10 damage)
             ... with a puff of flame
             ... on level 4 of the Dungeon.
             The game lasted 00:45:47 (4278 turns).

aggelon the Sneak (Octopode Assassin)               Turns: 4278, Time: 00:45:48

Health: 0/43       AC:  1    Str:  9 (10) XL:     6   Next: 11%
Magic:  5/6        EV: 13    Int: 12 (14) God:    Elyvilon [*.....]
Gold:   175        SH:  0    Dex: 13 (15) Spells: 0 memorised, 5 levels left

rFire  . . .     SeeInvis .     a - +0 short sword
rCold  . . .     Gourm    .     (no shield)
rNeg   . . .     Faith    +     (helmet restricted)
rPois  .         Spirit   .     o - amulet of faith
rElec  .         Reflect  .     s - ring of stealth
rCorr  .         Harm     .     (no ring)
MR     .....                    (no ring)
Stlth  +++++.....               (no ring)
                                (no ring)
                                (no ring)
                                (no ring)
                                (no ring)

@: no status effects
A: almost no armour, stealthy swim, amphibious, 8 rings, constrict 8, camouflage
1, gelatinous body 1
a: Lesser Healing, Divine Protection, Renounce Religion


You were on level 4 of the Dungeon.
You worshipped Elyvilon.
Elyvilon was aware of your devotion.
You were not hungry.

You visited 1 branch of the dungeon, and saw 4 of its levels.

You collected 175 gold pieces.

Inventory:

Hand Weapons
 a - a +0 short sword (weapon)
 b - a +0 blowgun
 k - a +2 short sword of draining
 r - a +5 dagger
Missiles
 i - 84 stones (quivered)
Jewellery
 o - an amulet of faith (around mantle)
 s - a ring of stealth (left tentacle)
Scrolls
 e - a scroll of enchant armour
 h - 5 scrolls of remove curse
 j - a scroll of teleportation
 m - 4 scrolls of identify
 u - a scroll of magic mapping
Comestibles
 f - 3 bread rations
 g - a slice of pizza
 l - a beef jerky
 n - 4 fruits
 p - a royal jelly


   Skills:
 * Level 3.7 Fighting
 * Level 3.7 Short Blades
 * Level 3.1 Throwing
 - Level 1.3 Dodging
 + Level 6.3 Stealth
 * Level 0.7 Invocations


You had 5 spell levels left.
You didn't know any spells.

Dungeon Overview and Level Annotations

Branches:
Dungeon (4/15)
 Temple: D:4-7

Altars:
Elyvilon
Hepliaklqana
Nemelex Xobeh


Innate Abilities, Weirdness & Mutations

You cannot wear most types of armour.
You are very stealthy in the water. (Stealth+)
You are amphibious.
You can wear up to eight rings at the same time.
You can use your tentacles to constrict eight enemies at once.
Your skin changes colour to match your surroundings (Stealth+).
Your rubbery body absorbs attacks. (AC +1, EV +1)


Message History

a - a +0 short sword (weapon)
You are healed.
You feel somewhat more hungry. The orc wizard hits you with a dagger.
You barely miss the orc wizard. You grab the orc wizard.
You constrict the orc wizard. The orc wizard hits you with a dagger.
The orc wizard hits you but does no damage.
You hit the orc wizard.
The orc wizard is lightly wounded.
You constrict the orc wizard, but do no damage.
The orc wizard hits you with a dagger.
* * * LOW HITPOINT WARNING * * *
You hit the orc wizard.
The orc wizard is moderately wounded.
You constrict the orc wizard, but do no damage.
The orc wizard casts a spell at you. The magic dart hits you!
Elyvilon protects you from harm!
The orc wizard gestures at you while chanting.
The puff of flame hits you!
You die...

#####'#.# #... ######.......#
+#....# #............######
......# #............##....
.....# #............##....
.....###.....)......##....
#.........####'#.##....
+......o......(#.##....
#.#########.....@#########..'....
#......))........# ####....
##########.......# #....
#.......# #.... #.####### #####
#.# #.# #.# #.#


You could see an orc wizard.

Vanquished Creatures
  An orc priest (D:3)
  An orc wizard (D:3)
  4 gnolls (D:4)
  3 adders
  An ooze (D:3)
  3 worms
  A dart slug (D:2)
  4 leopard geckos
  6 orcs
  A ball python (D:3)
  3 giant cockroaches
  9 hobgoblins
  9 jackals
  2 quokkas
  10 bats
  3 frilled lizards
  15 goblins
  9 kobolds
  12 rats
97 creatures vanquished.

Notes
Turn   | Place    | Note
-------+----------+-------------------------------------------
     0 | D:1      | aggelon the Octopode Assassin began the quest for the Orb.
     0 | D:1      | Reached XP level 1. HP: 14/14 MP: 1/1
   302 | D:1      | Reached XP level 2. HP: 6/19 MP: 2/2
   977 | D:1      | Reached XP level 3. HP: 22/24 MP: 3/3
  1789 | D:2      | Reached XP level 4. HP: 25/30 MP: 4/4
  1871 | D:2      | Found a sparkling altar of Nemelex Xobeh.
  2264 | D:2      | Found a white marble altar of Elyvilon.
  2270 | D:2      | Became a worshipper of Elyvilon the Healer
  2648 | D:3      | Reached skill level 6 in Stealth
  2694 | D:3      | Reached XP level 5. HP: 36/36 MP: 5/5
  3143 | D:3      | Reached * piety under Elyvilon
  3357 | D:3      | Found a hazy altar of Hepliaklqana.
  3871 | D:4      | Reached XP level 6. HP: 39/42 MP: 6/6
  4278 | D:4      | Elyvilon protects you from harm!
  4278 | D:4      | Killed from afar by an orc wizard

Skill      XL: |  1  2  3  4  5 |
---------------+----------------+-----
Fighting       | 3 |  3.7
Short Blades   | 3 |  3.7
Stealth        | 6 |  6.3
Throwing       | 3 |  3.1
Dodging        | |  1.3
Invocations    | |  0.7

Action                   |  1- 3 |  4- 6 || total
-------------------------+-------+-------++-------
Melee: Dagger            |    57 |       ||    57
       Constrict         |    18 |    29 ||    47
       Tentacles         |     9 |    21 ||    30
       Short sword       |    16 |   102 ||   118
 Fire: Blowgun           |    23 |    20 ||    43
Throw: Stone             |       |     1 ||     1
Invok: Lesser Healing    |       |     1 ||     1
  Use: Scroll            |     4 |     1 ||     5
       Potion            |     2 |     4 ||     6
 Stab: Sleeping          |     6 |     8 ||    14
       Distracted        |       |     1 ||     1
  Eat: Chunk             |     3 |     7 ||    10
Armor: Skin              |     7 |     1 ||     8
Dodge: Dodged            |    36 |    45 ||    81
